 Dungeon Crawl Stone Soup version 0.29.1-2-gbd0b4ee654 (webtiles) character file.

Game seed: 12922305112107200044

4 marietta the Ruffian (level 1, -1/16 HPs)
             Began as a Draconian Transmuter on Nov 15, 2022.
             Slain by a kobold
             ... wielding a +4 dagger of electrocution
              (16 damage)
             ... on level 1 of the Dungeon.
             The game lasted 00:01:57 (139 turns).

marietta the Ruffian (Draconian Transmuter)          Turns: 139, Time: 00:01:57

Health: -1/16      AC:  4    Str: 12    XL:     1   Next: 50%
Magic:  2/3        EV: 12    Int: 13    God:
Gold:   9          SH:  0    Dex: 11    Spells: 3/4 levels left

rFire   . . .      SeeInvis .     - Unarmed
rCold   . . .      Faith    .   (no shield)
rNeg    . . .      Spirit   .   (body armour unavailable)
rPois   .          Reflect  .   (helmet currently unavailable)
rElec   .          Harm     .   (no cloak)
rCorr   .          Rampage  .   (no gloves)
Will    .....                   (boots currently unavailable)
Stlth   +.........              (no amulet)
HPRegen 0.05/turn               (no ring)
MPRegen 0.08/turn               (no ring)

@: appendages (expiring)
A: horns 2, talons 2, AC +4, unfitting armour, cold-blooded
a: End Transformation


You were on level 1 of the Dungeon.
You had temporarily grown beastly horns and talons.
You visited 1 branch of the dungeon, and saw 1 of its levels.

You collected 9 gold pieces.

Inventory:

Scrolls
 c - a scroll of vulnerability {unknown}
 e - a scroll of identify {unknown}
Potions
 a - a potion of lignification
 b - a potion of invisibility {unknown}
 d - a potion of curing {unknown}


   Skills:
 - Level 1.1 Fighting
 + Level 1.8 Dodging
 * Level 3.1 Unarmed Combat
 - Level 2.0 Spellcasting
 + Level 2.1 Transmutations


You had 3 spell levels left.
You knew the following spells:

 Your Spells              Type           Power      Damage    Failure   Level
a - Beastly Appendage     Tmut           12%        N/A       11%         1

Your spell library contained the following spells:

 Spells                   Type           Power      Damage    Failure   Level
 Wereblood                Tmut           6%         N/A       16%         2
 Spider Form              Tmut/Pois      4%         N/A       45%         3
 Ice Form                 Ice/Tmut       4%         N/A       86%         4


Dungeon Overview and Level Annotations

Branches:
Dungeon (1/15)

Altars:


Innate Abilities, Weirdness & Mutations

You have temporarily grown beastly horns and talons.
Your plain brown scales are hard. (AC +4)
You cannot fit into any form of body armour.
You are cold-blooded and may be slowed by cold attacks.


Message History

The rat barely misses you.
You punch the rat!
You kill the rat!
No target in view!
No target in view!
d - a gluggy blue potion
Found a leather armour.
e - a scroll labelled FAMUXT PYAFITS You see here a +0 leather armour.
A rat comes into view.
Found 9 gold pieces and a leather armour.
Found a stone staircase leading down.
Found a gluggy blue potion and 10 gold pieces.
A kobold and a frilled lizard come into view.
The kobold is wielding a +4 dagger of electrocution.
Found a purple potion and 9 gold pieces.
Casting: Beastly Appendage (safe; 11% risk of failure)
Confirm with . or Enter, or press ? or * to list all spells.
You grow a pair of large bovine horns.
Your feet morph into talons.
Your transformation is almost over.
The rat barely misses you.
You closely miss the rat. You headbutt the rat.
You kill the rat!
You see here a rat corpse.
You see here a rat corpse.
You start resting.
Your horns disappear.
Your talons disappear.
Magic restored.
The kobold shouts!
Casting: Beastly Appendage (safe; 11% risk of failure)
Confirm with . or Enter, or press ? or * to list all spells.
You grow a pair of large bovine horns.
Your feet morph into talons.
Your transformation is almost over.
Found a scroll labelled FAMUXT PYAFITS.
The kobold completely misses you.
You closely miss the kobold. The kobold hits you but does no damage.
You barely miss the kobold.
The kobold hits you with a +4 dagger of electrocution.
You are electrocuted!
Ouch! That really hurt!
You die...

l.$....... #..[......#
?.$..!...# ......... .
##....#... ..
#..?.>...#... ########
##..#.###.....
...#...####........!....
................@K...#
.........##..........#
.........##.#........#
.......[.##†#........#
........###.#........#
...#...## #.#........#
#####.### #.#..........
#...###.#..........
###.##..##.#####


You could see a kobold.

Vanquished Creatures
  A dart slug (D:1)
  2 rats (D:1)
3 creatures vanquished.

Notes
Turn   | Place    | Note
-------+----------+-------------------------------------------
     0 | D:1      | marietta the Draconian Transmuter began the quest for the
                  | Orb.
     0 | D:1      | Reached XP level 1. HP: 16/16 MP: 3/3
   139 | D:1      | Slain by a kobold

Illustrated notes

Levels and vault maps discovered:
D:1:      amcnicky_arrival_flooded_fountain, layout_rooms, st_stairs_1,
          minmay_tall_x

Action                   || total
-------------------------++-------
Melee: Unarmed           ||     9
       Tailslap          ||     3
       Headbutt          ||     1
 Cast: Beastly Appendage ||     2
Armor: Skin              ||     3
Dodge: Dodged            ||     4
